 Dungeon Crawl Stone Soup version 0.30-a0-651-g0755cc6dcf (webtiles) character file.

Game seed: 8335449682159557774

926 M4edhros the Chopper (level 7, 0/94 HPs)
             Began as a Minotaur Berserker on Jan 18, 2023.
             Was a Believer of Trog.
             Succumbed to a killer bee's poison
             ... on level 6 of the Dungeon.
             The game lasted 00:02:46 (1555 turns).

M4edhros the Chopper (Minotaur Berserker)           Turns: 1555, Time: 00:02:46

Health: 0/94       AC:  3    Str: 22    XL:     7   Next: 85%
Magic:  6/6        EV: 13    Int:  4    God:    Trog [**....]
Gold:   157        SH:  0    Dex: 11    Spells: 6/6 levels left

rFire   . . .      SeeInvis .    a - +0 hand axe
rCold   . . .      Faith    .    (no shield)
rNeg    . . .      Spirit   .    b - +0 animal skin
rPois   .          Reflect  .    (helmet restricted)
rElec   .          Harm     .    (no cloak)
rCorr   .          Rampage  .    m - +0 pair of gloves
Will    .....                    (no boots) Stlth
                                 (no amulet)
HPRegen 0.35/turn                (no ring)
MPRegen 0.10/turn                (no ring)

@: berserking (expiring), lethally poisoned (0 -> -16), very quick
A: horns 2, retaliatory headbutt
a: Renounce Religion, Berserk, Trog's Hand


You were on level 6 of the Dungeon.
You worshipped Trog.
Trog was pleased with you.
You visited 1 branch of the dungeon, and saw 6 of its levels.
You also visited: Sewer.

You collected 157 gold pieces.

Inventory:

Hand Weapons
 a - a +0 hand axe (weapon)
Armour
 b - a +0 animal skin (worn)
 m - a +0 pair of gloves (worn)
Scrolls
 d - a scroll of poison {unknown}
 e - 3 scrolls of amnesia {unknown}
 f - a scroll of magic mapping {unknown}
 g - a scroll of immolation {unknown}
 i - a scroll of teleportation {unknown}
 j - 2 scrolls of identify {unknown}
 k - a scroll of noise {unknown}
Potions
 c - 3 potions of attraction {unknown}
 h - a potion of degeneration {unknown}
 l - a potion of berserk rage
 o - a potion of curing {unknown}
Miscellaneous
 n - a lightning rod (4/4)


   Skills:
 + Level 6.0 Fighting
 * Level 7.7 Axes
 + Level 5.3 Armour
 + Level 4.8 Dodging


You had 6 spell levels left.
You didn't know any spells.
Your spell library contained the following spells:

 Spells                   Type           Power      Damage    Failure   Level
 Freeze                   Ice            0%         1d3       50%         1
 Frozen Ramparts          Ice            0%         1d1       86%         3
 Hailstorm                Conj/Ice       0%         3d3       86%         3


Dungeon Overview and Level Annotations

Branches:
Dungeon (6/15)             Temple (0/1) D:5           Sewer (visited)

Altars:
Gozag


Innate Abilities, Weirdness & Mutations

You have a pair of horns on your head.
You reflexively headbutt those who attack you in melee.


Message History

You are too injured to fight recklessly!
You slash the killer bee!
The killer bee is almost dead.
You feel very sick. The killer bee stings you!
* * * LOW HITPOINT WARNING * * *
You are more poisoned.
The killer bee poisons you!
You miss the killer bee.
The killer bee is almost dead.
* * * LOW HITPOINT WARNING * * *
You feel very sick. The killer bee barely misses you.
The killer bee stings you.
* * * LOW HITPOINT WARNING * * *
You are more poisoned.
The killer bee poisons you!
You hit the killer bee.
You kill the killer bee!
Trog accepts your kill.
* * * LOW HITPOINT WARNING * * *
You feel very sick.
Your Fighting skill increases to level 6!
You miss the killer bee.
* * * LOW HITPOINT WARNING * * *
You feel very sick. The killer bee misses you. You furiously retaliate!
You headbutt the killer bee! You barely miss the killer bee.
Your headbutt misses the killer bee.
The killer bee is severely wounded.
* * * LOW HITPOINT WARNING * * *
You feel very sick. The killer bee stings you.
* * * LOW HITPOINT WARNING * * *
You miss the killer bee. You headbutt the killer bee.
You feel the power of Trog in you as your rage grows.
You kill the killer bee!
Trog accepts your kill.
* * * LOW HITPOINT WARNING * * *
You feel very sick.
You die...

#.# #.# #.# #.# #.# #.#
... #D# #.# #@# ...
######.#########.#
...............##.#
..........####.##.######
#######...####.##....#.<
##................
#######.###...#.# #.#
##.##.# #.# #.##.#


You could see a steam dragon.

Vanquished Creatures
  A water moccasin (Sewer)
  A sky beast (D:3)
  An ice beast (D:5)
  2 black bears (D:5)
  4 killer bees (D:6)
  A howler monkey (D:5)
  An orc priest (D:5)
  Jessica (D:3)
  An iguana (D:6)
  An orc wizard (D:4)
  6 adders
  2 river rats (D:5)
  A white imp (D:5)
  3 worms
  7 orcs
  9 bats
  2 endoplasms (D:4)
  A giant cockroach (D:3)
  4 hobgoblins
  3 kobolds
  2 quokkas
  3 ball pythons
  A frilled lizard (D:3)
  2 goblins
  7 rats
67 creatures vanquished.

Vanquished Creatures (others)
  4 plants (D:5)
4 creatures vanquished.

Grand Total: 71 creatures vanquished

Notes
Turn   | Place    | Note
-------+----------+-------------------------------------------
     0 | D:1      | M4edhros the Minotaur Berserker began the quest for the
                  | Orb.
     0 | D:1      | Reached XP level 1. HP: 19/19 MP: 0/0
    52 | D:3      | Noticed a sky beast
    57 | D:3      | Killed a sky beast
    58 | D:3      | Reached skill level 4 in Axes
    58 | D:3      | Reached XP level 2. HP: 28/28 MP: 1/1
    58 | D:3      | Reached XP level 3. HP: 34/34 MP: 2/2
    58 | D:3      | Reached XP level 4. HP: 41/41 MP: 3/3
    60 | D:3      | Noticed Jessica
   154 | D:4      | Reached skill level 5 in Axes
   282 | D:3      | Reached XP level 5. HP: 47/47 MP: 4/4
   323 | D:3      | Killed Jessica
   540 | D:4      | Reached ** piety under Trog
   591 | D:5      | Entered Level 5 of the Dungeon
   782 | D:5      | Found a staircase to the Ecumenical Temple.
   784 | D:5      | Noticed an ice beast
   789 | D:5      | Killed an ice beast
   790 | D:5      | Reached skill level 6 in Axes
   790 | D:5      | Reached XP level 6. HP: 55/55 MP: 5/5
   800 | D:5      | Reached skill level 5 in Fighting
   878 | D:5      | Found a glowing drain.
   888 | Sewer    | Entered a sewer
   978 | Sewer    | Noticed a water moccasin
   986 | Sewer    | Killed a water moccasin
   987 | Sewer    | Reached XP level 7. HP: 61/61 MP: 6/6
  1245 | D:5      | Reached skill level 7 in Axes
  1362 | D:5      | Found an opulent altar of Gozag.
  1481 | D:6      | Reached skill level 5 in Armour
  1533 | D:6      | Noticed a steam dragon
  1554 | D:6      | HP: 2/94 [poisoned by a killer bee]
  1555 | D:6      | Succumbed to a killer bee's poison

Illustrated notes

Levels and vault maps discovered:
D:1:      dpeg_arrival_connections, layout_basic, dreamdust_mushroom_princess
D:2:      layout_basic, basic_ecumenical_altar, st_stairs_2,
          hangedman_decor_push
D:3:      layout_rooms, mainiacjoe_overflow_alcove_1, uniq_jessica
D:4:      layout_loops_corners, grunt_temple_overflow_open
D:5:      layout_loops_corners, grunt_gozag_statues,
          minmay_temple_entry_gardened_gates, lightli_sewer_entry_pipes,
          nicolae_shop_self_help, uniq_duvessa
D:6:      layout_loops_ring, elyvilon_altar_5, uniq_sigmund

Skill      XL: |  1  2  3  4  5  6  7 |
---------------+----------------------+-----
Fighting       | 4 5 6 |  6.0
Axes           | 4 5 6 7 |  7.7
Armour         | 3 4 5 |  5.3
Dodging        | 3 4 |  4.8

Action                   |  1- 3 |  4- 6 |  7- 9 || total
-------------------------+-------+-------+-------++-------
Melee: Hand axe          |    11 |   102 |    55 ||   168
       Headbutt          |       |    12 |    12 ||    24
       Punch             |       |     1 |     1 ||     2
Invok: Berserk           |     1 |     4 |     3 ||     8
 Stab: Sleeping          |       |     1 |       ||     1
Armor: Animal skin       |     7 |    25 |    10 ||    42
Dodge: Dodged            |    12 |    76 |    32 ||   120

Table legend: (Time is in decaauts)
 A = Elapsed time spent in this place.
 B = Non-inter-level travel time spent in this place.
 C = Inter-level travel time spent in this place.
 D = Time resting spent in this place.
 E = Time spent auto-exploring this place.
 F = Levels seen in this place.
 G = Mean time per level.
                   A        B        C        D        E       F      G
               +--------+--------+--------+--------+--------+-----+--------+
         Total |   1653 |   1558 |     95 |      0 |    883 |   7 |  236.1 |
       Dungeon |   1490 |   1395 |     95 |      0 |    800 |   6 |  248.3 |
         Sewer |    162 |    162 |      0 |      0 |     83 |   1 |  162.0 |
               +--------+--------+--------+--------+--------+-----+--------+

Top non-repeatable levels by time:
     D:5: 794 daAuts
     D:4: 268 daAuts
     D:3: 196 daAuts
   Sewer: 162 daAuts
     D:2: 153 daAuts
     D:6: 74 daAuts
     D:1: 3 daAuts
